 Dungeon Crawl Stone Soup version 0.30-a0-883-g5ad918d77d (webtiles) character file.

Game seed: 9852323677852675404

217 Lobster4 the Digger (level 5, -16/48 HPs)
             Began as a Troll Earth Elementalist on Mar 18, 2023.
             Killed by an exploding orc (36 damage)
             ... ignited by their inner flame
             ... on level 7 of the Dungeon.
             The game lasted 00:08:20 (2465 turns).

Lobster4 the Digger (Troll Earth Elementalist)      Turns: 2465, Time: 00:08:21

Health: -16/48     AC:  4    Str: 16    XL:     5   Next: 62%
Magic:  6/6        EV: 25    Int: 13    God:
Gold:   231        SH:  0    Dex: 10    Spells: 4/7 levels left

rFire   . . .      SeeInvis .      - Unarmed
rCold   . . .      Faith    .    (no shield)
rNeg    . . .      Spirit   .    a - +0 robe
rPois   .          Reflect  .    (helmet restricted)
rElec   .          Rampage  .    (no cloak)
rCorr   .                        (gloves unavailable)
Will    .....                    (boots unavailable)
Stlth   +                        d - amulet of the acrobat
HPRegen 1.08/turn                (no ring)
MPRegen 0.10/turn                (no ring)

@: acrobatic
A: large, unfitting armour, claws 3, regeneration 1, shaggy fur 1, tough skin 1
a: no special abilities


You were on level 7 of the Dungeon.
You visited 1 branch of the dungeon, and saw 5 of its levels.

You collected 231 gold pieces.

Inventory:

Hand Weapons
 g - a +0 mace
 n - a +2 mace of draining
 q - a +0 sling
Missiles
 c - 25 stones (quivered)
 h - 6 datura-tipped darts
 o - 3 poisoned darts
Armour
 a - a +0 robe (worn)
Jewellery
 d - an amulet of the acrobat (around neck)
Wands
 l - a wand of light (11)
Scrolls
 r - a scroll of poison {unknown}
 s - a scroll of teleportation {unknown}
 t - a scroll of enchant armour {unknown}
 u - a scroll of blinking {unknown}
 v - a scroll of fog {unknown}
Potions
 b - a potion of magic
 e - a potion of might
 f - 4 potions of curing
 j - a potion of mutation
 m - 2 potions of flight


   Skills:
 + Level 1.2 Fighting
 + Level 1.1 Maces & Flails
 + Level 1.2 Throwing
 + Level 1.4 Armour
 + Level 2.5 Dodging
 - Level 1.0 Stealth
 + Level 1.5 Unarmed Combat
 + Level 1.5 Spellcasting
 - Level 1.0 Transmutations
 + Level 3.2 Earth Magic
 + Level 0.0 Evocations


You had 4 spell levels left.
You knew the following spells:

 Your Spells              Type           Power      Damage    Failure   Level
a - Sandblast             Erth           18%        2d7       7%          1
b - Passwall              Tmut/Erth      5%         N/A       17%         2

Your spell library contained the following spells:

 Spells                   Type           Power      Damage    Failure   Level
 Slow                     Hex            4%         N/A       26%         1
 Stone Arrow              Conj/Erth      10%        3d7       38%         3
 Confusing Touch          Hex            1%         N/A       63%         3
 Vampiric Draining        Necr           1%         2d6       63%         3
 Petrify                  Tmut/Erth      6%         N/A       73%         4


Dungeon Overview and Level Annotations

Branches:
Dungeon (4/15)
 Temple: D:4-7

Altars:
Nemelex Xobeh

Annotations:
D:2 Sigmund, Terence
D:3 2 runed translucent doors, BillyBaka's ghost, amateur MiHu; Crazy Yiuf
D:4 Menkaure


Innate Abilities, Weirdness & Mutations

You are too large for most types of armour.
You have claws for hands.
Your natural rate of healing is unusually fast.
You are covered in fur. (AC +1)
You have tough skin. (AC +1)


Message History

Your orc dissolves into shadows!
You open the door.
Found a sparkling altar of Nemelex Xobeh.
Found a potion of flight.
There is an open door here.
m - 2 potions of flight (gained 1)
Found 4 gold pieces.
Found 4 gold pieces.
You now have 231 gold pieces (gained 4).
c - 25 stones (gained 6)
You open the door.
There is an open door here.
You open the door. 6 orcs and 2 orc priests come into view.
The orc shouts! x4; The orc priest shouts! x2; The orc shouts!
You hear a shout!
You claw the orc!
You kill the orc!
The orc priest mumbles some strange prayers to Beogh against you.
Beogh smites you!
An orc comes into view. It is wielding a +0 mace.
The orc priest invokes the aid of Beogh against you.
Pain shoots through your body!
As you read the scroll labelled NOONAFFUME, it crumbles to dust.
The creatures around you are filled with an inner flame!
It was a scroll of immolation.
You scratch the orc but do no damage.
The orc priest casts a cantrip, but nothing happens.
The orc priest mumbles some strange prayers to Beogh against you.
Beogh smites you! The orc completely misses you. x2
There is an open door, spattered with blood here.
Things that are here:
a +0 hand axe; a +0 leather armour; an orc corpse The orc completely misses you.
Okay, then.
Okay, then.
You claw the orc!
The orc explodes!
The fiery explosion engulfs you!!!
Ouch! That really hurt!
You die...

.. ########### ..#
#.........# ..#
#.........# ..#
#.........#
..#####+####.........#
#..........#.........#
#..........#....§...#
...........#....@)§.#
..####.....#...##o###
...........#...##ooo#
#..........#'####o.o#
#...............#o..#
#...............#...#
#...............#...#
......#####.....#...#
......# #.....#...#


You could see 2 orc priests and 5 orcs.

Vanquished Creatures
  A scorpion (D:4)
  An orc wizard (D:3)
  Robin (D:2)
  2 adders
  A white imp (D:4)
  An ufetubus (D:4)
  A worm (D:4)
  4 dart slugs
  6 orcs
  5 ball pythons
  7 endoplasms
  2 giant cockroaches
  18 goblins
  2 hobgoblins (D:2)
  2 jackals (D:1)
  2 quokkas (D:3)
  3 bats
  3 frilled lizards
  7 kobolds
  5 rats
74 creatures vanquished.

Vanquished Creatures (collateral kills)
  A white imp (D:7)
1 creature vanquished.

Grand Total: 75 creatures vanquished

Notes
Turn   | Place    | Note
-------+----------+-------------------------------------------
     0 | D:1      | Lobster4 the Troll Earth Elementalist began the quest for
                  | the Orb.
     0 | D:1      | Reached XP level 1. HP: 16/16 MP: 1/1
   112 | D:1      | Reached XP level 2. HP: 24/24 MP: 2/2
   764 | D:2      | Noticed Terence
   782 | D:2      | Learned a level 2 spell: Passwall
   790 | D:2      | Reached skill level 1 in Transmutations
   832 | D:2      | Noticed Sigmund
   972 | D:2      | Reached XP level 3. HP: 32/32 MP: 4/4
  1056 | D:2      | Noticed Robin
  1076 | D:2      | Killed Robin
  1077 | D:2      | Reached skill level 1 in Armour
  1272 | D:3      | Reached skill level 1 in Unarmed Combat
  1281 | D:3      | Reached XP level 4. HP: 34/40 MP: 5/5
  1351 | D:3      | Found a runed translucent door.
  1352 | D:3      | Noticed Crazy Yiuf
  1402 | D:3      | Reached skill level 3 in Earth Magic
  1581 | D:3      | Found a faded altar of an unknown god.
  1942 | D:3      | Found a runed translucent door.
  1943 | D:3      | Noticed BillyBaka's ghost (amateur MiHu)
  1986 | D:4      | Noticed Menkaure
  2058 | D:4      | Reached skill level 1 in Fighting
  2058 | D:4      | Reached skill level 1 in Throwing
  2139 | D:4      | Noticed a scorpion
  2147 | D:4      | Killed a scorpion
  2148 | D:4      | Reached skill level 1 in Maces & Flails
  2148 | D:4      | Reached XP level 5. HP: 48/48 MP: 6/6
  2354 | D:4      | You fall into a shaft and drop 3 floors!
  2420 | D:7      | Found a sparkling altar of Nemelex Xobeh.
  2465 | D:7      | Killed by an exploding orc... ignited by their inner flame

Illustrated notes

Levels and vault maps discovered:
D:1:      nicolae_arrival_washed_ashore, layout_rooms, serial_rivers,
          chequers_serial_rivers_marsh, chequers_serial_rivers_room_b,
          chequers_serial_rivers_marsh, chequers_serial_rivers_room_b
D:2:      layout_loops_cross, uniq_terence, uniq_sigmund, uniq_robin
D:3:      layout_loops_ring, shapermc_ecumenical_altar_totnotflames,
          ebering_ghost_reflecting_pool, st_stairs_9, uniq_crazy_yiuf_cottage
D:4:      layout_rooms, hex_tiny, uniq_menkaure
D:7:      layout_gridville, mainiacjoe_overflow_boulevard,
          minmay_temple_entry_waves

Skill      XL: |  1  2  3  4 |
---------------+-------------+-----
Transmutations | 1 |  1.0
Dodging        | 2 |  2.5
Armour         | 1 |  1.4
Unarmed Combat | 1 |  1.5
Earth Magic    | 3 |  3.2
Fighting       | 1 |  1.2
Throwing       | 1 |  1.2
Maces & Flails | 1 |  1.1
Stealth        | |  1.0
Spellcasting   | |  1.5

Action                     |  1- 3 |  4- 6 || total
---------------------------+-------+-------++-------
  Melee: Unarmed           |   127 |    96 ||   223
         Punch             |     1 |     2 ||     3
  Throw: Stone             |     7 |    12 ||    19
         Dart              |       |     3 ||     3
   Cast: Sandblast         |     2 |       ||     2
  Evoke: Wand              |       |     1 ||     1
    Use: Scroll            |     4 |     5 ||     9
   Stab: Sleeping          |     5 |     3 ||     8
         Distracted        |       |     1 ||     1
 Armour: Robe              |    36 |    27 ||    63
  Dodge: Dodged            |    65 |    42 ||   107

Table legend: (Time is in decaauts)
 A = Elapsed time spent in this place.
 B = Non-inter-level travel time spent in this place.
 C = Inter-level travel time spent in this place.
 D = Time resting spent in this place.
 E = Time spent auto-exploring this place.
 F = Levels seen in this place.
 G = Mean time per level.
                   A        B        C        D        E       F      G
               +--------+--------+--------+--------+--------+-----+--------+
         Total |   2463 |   2287 |    176 |    121 |   1437 |   5 |  492.6 |
       Dungeon |   2463 |   2287 |    176 |    121 |   1437 |   5 |  492.6 |
               +--------+--------+--------+--------+--------+-----+--------+

Top non-repeatable levels by time:
     D:1: 800 daAuts
     D:3: 749 daAuts
     D:2: 460 daAuts
     D:4: 342 daAuts
     D:7: 110 daAuts
